 Dungeon Crawl Stone Soup version 0.22-a0-42-g002c468 (webtiles) character file.

848 tidbits the Grave Robber (level 8, 11/55 (57) HPs)
             Began as a Gnoll Necromancer on Jan 5, 2018.
             Quit the game on level 7 of the Dungeon.
             The game lasted 00:11:29 (1445 turns).

tidbits the Grave Robber (Gnoll Necromancer)        Turns: 1445, Time: 00:11:30

HP:   11/55 (57)    AC:  5    Str: 11    XL:     8   Next: 1%
MP:   16/16         EV: 15    Int: 26    God:
Gold: 27            SH:  7    Dex: 15    Spells: 10/18 levels left

rFire    . . .     SeeInvis .   a - +8 mace of Telavveb {crush, *Contam rN+ Int+6}
rCold    + . .     Gourm    .   (no shield)
rNeg     + . .     Faith    .   q - +0 robe
rPois    .         Spirit   .   (helmet restricted)
rElec    .         Reflect  +   C - +0 cloak
rCorr    .         Harm     .   G - +1 pair of gloves
MR       .....                  (no boots)
Stlth    +++.......             x - +3 amulet of reflection
HPRegen  0.18/turn              (no ring)
MPRegen  0.15/turn              (no ring)

@: no status effects
A: distributed training, fangs 1, horns 1, large bone plates 1, cold resistance
1, strong nose
a: no special abilities


You were on level 7 of the Dungeon.
You were not hungry.

You visited 1 branch of the dungeon, and saw 7 of its levels.

You collected 123 gold pieces.
You spent 96 gold pieces at shops.

Inventory:

Hand Weapons
 a - the +8 mace of Telavveb (weapon) {crush, *Contam rN+ Int+6}
   (You took it off a gnoll on level 4 of the Dungeon)

   It inflicts extra damage upon your enemies.
   It affects your intelligence (+6).
   It protects you from negative energy.
   It causes magical contamination when unequipped.
 d - a +0 dagger
 g - a +1 long sword
 j - a +0 dagger of protection
   (You took it off a goblin on level 2 of the Dungeon)
 k - a +0 hunting sling
 m - a +0 dagger of speed
   (You found it on level 2 of the Dungeon)
 n - a +0 spear of piercing
   (You found it on level 5 of the Dungeon)
 s - the cursed +2 mace "Gibbaxte" {elec, +Rage Str+2 Int+3, unknown}
   (You found it on level 4 of the Dungeon)

   Occasionally, upon striking a foe, it will discharge some electrical energy
   and cause terrible harm.
   It affects your strength (+2).
   It affects your intelligence (+3).
   It lets you go berserk.
   It has a curse placed upon it.
 t - a +3 quarterstaff of chaos
   (You took it off Crazy Yiuf on level 4 of the Dungeon)
 B - a cursed -3 long sword
Missiles
 i - 13 bolts
 l - 14 stones (quivered)
 p - 21 arrows
Armour
 o - a +0 pair of boots
 q - a +0 robe (worn)
 C - a +0 cloak (worn)
 E - a +0 helmet
 G - a +1 pair of gloves (worn)
Jewellery
 f - an uncursed ring of ice
   (You found it on level 1 of the Dungeon)
 x - a +3 amulet of reflection (around neck)
   (You found it on level 4 of the Dungeon)
Scrolls
 e - 2 scrolls of enchant weapon
 h - a scroll of teleportation {unknown}
 r - 2 scrolls of remove curse
 w - a scroll of fear {unknown}
 y - a scroll of summoning {unknown}
Potions
 u - 2 potions of heal wounds
 v - a potion of might
 A - 2 potions of curing
Books
 b - a book of Necromancy

   Spells                             Type                      Level
   a - Pain                           Necromancy                   1
   b - Animate Skeleton               Necromancy                   1
   c - Vampiric Draining              Necromancy                   3
   d - Regeneration                   Charms/Necromancy            3
   e - Animate Dead                   Necromancy                   4
   f - Borgnjor's Vile Clutch         Necromancy/Earth             5
 z - a Young Poisoner's Handbook
   (You found it on level 5 of the Dungeon)

   Spells                             Type                      Level
   a - Sting                          Conjuration/Poison           1
   b - Poisonous Vapours              Poison/Air                   2
   c - Mephitic Cloud                 Conjuration/Poison/Air       3
   d - Olgreb's Toxic Radiance        Poison                       4
   e - Venom Bolt                     Conjuration/Poison           5
Comestibles
 c - 4 rations


   Skills:
 + Level 2.8 Fighting
 + Level 2.8 Short Blades
 + Level 2.8 Long Blades
 + Level 2.8 Axes
 + Level 2.8 Maces & Flails
 + Level 2.8 Polearms
 + Level 2.8 Staves
 + Level 2.8 Slings
 + Level 2.8 Bows
 + Level 2.8 Crossbows
 + Level 2.8 Throwing
 + Level 2.8 Armour
 + Level 5.4 Dodging
 + Level 5.1 Stealth
 + Level 2.8 Shields
 + Level 2.8 Unarmed Combat
 + Level 5.8 Spellcasting
 + Level 2.2 Conjurations
 + Level 2.2 Hexes
 + Level 2.2 Charms
 + Level 2.2 Summonings
 + Level 7.5 Necromancy
 + Level 2.2 Translocations
 + Level 2.2 Transmutations
 + Level 2.2 Fire Magic
 + Level 2.2 Ice Magic
 + Level 2.2 Air Magic
 + Level 2.2 Earth Magic
 + Level 2.2 Poison Magic
 + Level 3.1 Invocations
 + Level 2.8 Evocations


You had 10 spell levels left.
You knew the following spells:

 Your Spells              Type           Power        Failure   Level  Hunger
a - Pain                  Necr           ####         1%          1    None
d - Vampiric Draining     Necr           #####.....   1%          3    None
n - Animate Skeleton      Necr           N/A          1%          1    None
r - Regeneration          Chrm/Necr      ####......   2%          3    None


Dungeon Overview and Level Annotations

Branches:
Dungeon (7/15)
 Temple: D:4-7

Altars:
Elyvilon

Shops:
D:5 !


Innate Abilities, Weirdness & Mutations

Your experience applies equally to all skills.
You have very sharp teeth.
Your uncanny sense of smell can sniff out nearby items.
You have a pair of small horns on your head.
You are partially covered in large bone plates. (SH +4)
Your flesh is cold resistant. (rC+)


Message History

The puff of flame hits you! You block the worker ant's attack.
An orc comes into view.
You thump the worker ant!
You kill the worker ant!
Your Invocations skill increases to level 3!
The orc priest looks encouraged for a moment.
You sock the orc priest!
You bite the orc priest, but do no damage.
The orc priest is severely wounded.
The orc priest invokes the aid of Beogh against you.
Pain shoots through your body!
The orc wizard casts a spell.
The orc wizard flickers and vanishes!
You thump the orc priest!
You kill the orc priest!
You thump something! Something closely misses you.
You sock something!
You feel a bit more experienced.
You barely miss the orc. Your bite misses the orc. You block the orc's attack.
The orc closely misses you.
You barely miss the orc.
The orc sings a few bars from the Orcish anthem.
The orc hits you.
You thump the orc!
You kill the orc!
The orc hits you with a mace.
You completely miss the orc. You headbutt the orc, but do no damage.
The orc closely misses you.
You sock the orc!
You kill the orc!
You closely miss the orc. You bite the orc.
The orc is lightly wounded.
You block the orc's attack.
You closely miss the orc.
The orc is lightly wounded.
You block the orc's attack. The orc closely misses you.
You sock the orc!
You kill the orc!
Items here: ! $ )) [[ † An orc priest comes into view.
Found 8 poisoned needles.
Items here: ))) [ ††
Items here: ! $ )) [[ †
u - 2 potions of heal wounds (gained 1)
You now have 27 gold pieces (gained 11).
The orc priest hits you.
Items here: ))) [ †† You sock the orc priest!
You headbutt the orc priest, but do no damage.
You bite the orc priest, but do no damage.
The orc priest is severely wounded.
The orc priest closely misses you.
You sock the orc priest!
You kill the orc priest!
You have reached level 8!
You feel clever.
Things that are here:
a ring mail; an orc corpse
Items here: ))) [ ††
B - a runed long sword
There is a stone staircase leading down here.
You climb downwards.
You hear the hiss of flowing sand.
There is an entrance to an ossuary on this level.
Hurry and find it before the portal is buried!
There is a stone staircase leading up here.
Found a potion of curing.
You found a teleport trap!
Really walk into that teleport trap? [Y]es or [N]o only, please.
Really walk into that teleport trap?
Okay, then.
You see here a potion of curing.
A - 2 potions of curing (gained 1) Really walk into that teleport trap?
You enter a teleport trap!
The teleport trap disappears.
Your surroundings suddenly seem different.
A bullfrog and an ogre come into view.
Found a ration.
Found a ration.
The helpless ogre fails to defend itself.
You hit the ogre.
The ogre is lightly wounded.
The ogre barely misses you.
You barely miss the ogre.
The ogre is lightly wounded.
The ogre completely misses you.
You hit the ogre.
The ogre is moderately wounded.
The bullfrog croaks.
The ogre closely misses you.
The bullfrog swells and bulges.
You closely miss the ogre.
The ogre is moderately wounded.
The ogre hits you with a giant club!!
* * * LOW HITPOINT WARNING * * *
The bullfrog hits you.
* * * LOW HITPOINT WARNING * * *
You aren't carrying any items that you can evoke.
Unknown command.
Okay, then.
Are you sure you want to abandon this character and quit the game? (Confirm with "yes".)

......%....#
..........#
#.........#
#.........#
#.........#
#.........#
#.........##+#
#..O@.........
#...F.........
#.............
#.%...........
#.............
∆#.............
#.........##+#
#.........#
#.........#


You could see an ogre and a bullfrog.

Vanquished Creatures
  Grinder (D:5)
  A necrophage (D:3)
  A sky beast (D:5)
  A centaur (D:5)
  A quasit (D:5)
  3 orc priests
  Crazy Yiuf (D:4)
  2 orc wizards
  An iguana (D:3)
  A worker ant (D:6)
  Robin (D:2)
  4 gnolls (D:4)
  4 adders
  An ooze (D:4)
  2 dart slugs
  6 orcs
  2 giant cockroaches
  8 goblins
  7 hobgoblins
  3 kobolds
  2 quokkas
  A ball python (D:1)
  5 bats
  2 frilled lizards
  A leopard gecko skeleton (D:4)
  5 rats
67 creatures vanquished.

Vanquished Creatures (others)
  A fungus (D:4)
1 creature vanquished.

Grand Total: 68 creatures vanquished

Notes
Turn   | Place    | Note
-------+----------+-------------------------------------------
     0 | D:1      | tidbits the Gnoll Necromancer began the quest for the Orb.
     0 | D:1      | Reached XP level 1. HP: 13/13 MP: 6/6
   128 | D:1      | Reached XP level 2. HP: 13/19 MP: 1/7
   185 | D:2      | Found a white marble altar of Elyvilon.
   333 | D:2      | Reached XP level 3. HP: 11/25 MP: 7/9
   337 | D:2      | Learned a level 1 spell: Animate Skeleton
   342 | D:2      | Learned a level 3 spell: Vampiric Draining
   346 | D:2      | Learned a level 3 spell: Regeneration
   356 | D:2      | Reached skill level 5 in Spellcasting
   377 | D:2      | Noticed Robin
   387 | D:2      | Killed Robin
   387 | D:2      | Reached skill level 1 in Invocations
   399 | D:2      | HP: 1/25 [goblin[Robin] (4)]
   448 | D:3      | Reached skill level 1 in Fighting
   448 | D:3      | Reached skill level 1 in Short Blades
   448 | D:3      | Reached skill level 1 in Long Blades
   448 | D:3      | Reached skill level 1 in Axes
   448 | D:3      | Reached skill level 1 in Maces & Flails
   448 | D:3      | Reached skill level 1 in Polearms
   448 | D:3      | Reached skill level 1 in Staves
   448 | D:3      | Reached skill level 1 in Slings
   448 | D:3      | Reached skill level 1 in Bows
   448 | D:3      | Reached skill level 1 in Crossbows
   448 | D:3      | Reached skill level 1 in Throwing
   448 | D:3      | Reached skill level 1 in Armour
   448 | D:3      | Reached skill level 1 in Shields
   448 | D:3      | Reached skill level 1 in Unarmed Combat
   448 | D:3      | Reached skill level 1 in Evocations
   457 | D:3      | Reached XP level 4. HP: 20/32 MP: 1/11
   487 | D:3      | Noticed a necrophage
   534 | D:3      | HP: 2/31 [necrophage (2)]
   536 | D:3      | Gained mutation: You have a pair of small horns on your head. [potion of mutation]
   536 | D:3      | Gained mutation: Your flesh is cold resistant. (rC+) [potion of mutation]
   536 | D:3      | Gained mutation: You are partially covered in large bone plates. (SH +4) [potion of mutation]
   542 | D:3      | Killed a necrophage
   542 | D:3      | Reached skill level 1 in Conjurations
   542 | D:3      | Reached skill level 1 in Hexes
   542 | D:3      | Reached skill level 1 in Charms
   542 | D:3      | Reached skill level 1 in Summonings
   542 | D:3      | Reached skill level 1 in Translocations
   542 | D:3      | Reached skill level 1 in Transmutations
   542 | D:3      | Reached skill level 1 in Fire Magic
   542 | D:3      | Reached skill level 1 in Ice Magic
   542 | D:3      | Reached skill level 1 in Air Magic
   542 | D:3      | Reached skill level 1 in Earth Magic
   542 | D:3      | Reached skill level 1 in Poison Magic
   542 | D:3      | Reached XP level 5. HP: 2/35 MP: 6/12
   656 | D:4      | Noticed a slave
   679 | D:5      | Entered Level 5 of the Dungeon
   887 | D:4      | Reached XP level 6. HP: 13/42 MP: 1/13
   918 | D:4      | Reached skill level 2 in Invocations
   920 | D:4      | Got a bloodstained mace {crush}
   921 | D:4      | Identified the +8 mace of Telavveb {crush, *Contam rN+ Int+6} (You took it off a gnoll on level 4 of the Dungeon)
   962 | D:4      | Found a runed door.
   966 | D:4      | Noticed Crazy Yiuf
   969 | D:4      | Killed Crazy Yiuf
   973 | D:4      | Got an ichor-stained mace
  1088 | D:5      | HP: 3/42 [something/puff of flame (9)]
  1089 | D:5      | Reached skill level 2 in Fighting
  1089 | D:5      | Reached skill level 2 in Short Blades
  1089 | D:5      | Reached skill level 2 in Long Blades
  1089 | D:5      | Reached skill level 2 in Axes
  1089 | D:5      | Reached skill level 2 in Maces & Flails
  1089 | D:5      | Reached skill level 2 in Polearms
  1089 | D:5      | Reached skill level 2 in Staves
  1089 | D:5      | Reached skill level 2 in Slings
  1089 | D:5      | Reached skill level 2 in Bows
  1089 | D:5      | Reached skill level 2 in Crossbows
  1089 | D:5      | Reached skill level 2 in Throwing
  1089 | D:5      | Reached skill level 2 in Armour
  1089 | D:5      | Reached skill level 5 in Dodging
  1089 | D:5      | Reached skill level 2 in Shields
  1089 | D:5      | Reached skill level 2 in Unarmed Combat
  1089 | D:5      | Reached skill level 2 in Evocations
  1111 | D:5      | Found Gooff's Distillery.
  1128 | D:5      | Bought a potion of heal wounds for 60 gold pieces
  1145 | D:5      | Noticed Grinder
  1168 | D:5      | Killed Grinder
  1168 | D:5      | Reached XP level 7. HP: 38/49 MP: 13/15
  1215 | D:5      | Reached skill level 2 in Conjurations
  1215 | D:5      | Reached skill level 2 in Hexes
  1215 | D:5      | Reached skill level 2 in Charms
  1215 | D:5      | Reached skill level 2 in Summonings
  1215 | D:5      | Reached skill level 2 in Translocations
  1215 | D:5      | Reached skill level 2 in Transmutations
  1215 | D:5      | Reached skill level 2 in Fire Magic
  1215 | D:5      | Reached skill level 2 in Ice Magic
  1215 | D:5      | Reached skill level 2 in Air Magic
  1215 | D:5      | Reached skill level 2 in Earth Magic
  1215 | D:5      | Reached skill level 2 in Poison Magic
  1317 | D:5      | Reached skill level 5 in Stealth
  1334 | D:5      | Bought a potion of curing for 36 gold pieces
  1406 | D:6      | Reached skill level 3 in Invocations
  1426 | D:6      | Reached XP level 8. HP: 35/55 MP: 16/16
  1445 | D:7      | Quit the game

Vault maps used:
D:1:      wheals_arrival_linesprint, lexackson_kobold_supper
D:2:      nicolae_overflow_crystal_walls, uniq_robin
D:4:      uniq_pikel, uniq_crazy_yiuf_cottage
D:5:      grunt_gozag_breadcrumbs, first_ration, serial_shops, shop,
          shop_fountains, uniq_grinder
D:7:      makhleb_grotto_becter, minmay_temple_entry_statues,
          nicolae_ossuary_entry_monument

Skill      XL: |  1  2  3  4  5  6  7 |
---------------+----------------------+-----
Spellcasting   | 5 |  5.8
Invocations    | 1 2 3 |  3.1
Fighting       | 1 2 |  2.8
Short Blades   | 1 2 |  2.8
Long Blades    | 1 2 |  2.8
Axes           | 1 2 |  2.8
Maces & Flails | 1 2 |  2.8
Polearms       | 1 2 |  2.8
Staves         | 1 2 |  2.8
Slings         | 1 2 |  2.8
Bows           | 1 2 |  2.8
Crossbows      | 1 2 |  2.8
Throwing       | 1 2 |  2.8
Armour         | 1 2 |  2.8
Shields        | 1 2 |  2.8
Unarmed Combat | 1 2 |  2.8
Evocations     | 1 2 |  2.8
Conjurations   | 1 2 |  2.2
Hexes          | 1 2 |  2.2
Charms         | 1 2 |  2.2
Summonings     | 1 2 |  2.2
Translocations | 1 2 |  2.2
Transmutations | 1 2 |  2.2
Fire Magic     | 1 2 |  2.2
Ice Magic      | 1 2 |  2.2
Air Magic      | 1 2 |  2.2
Earth Magic    | 1 2 |  2.2
Poison Magic   | 1 2 |  2.2
Dodging        | 5 |  5.4
Stealth        | 5 |  5.1
Necromancy     | |  7.5

Action                   |  1- 3 |  4- 6 |  7- 9 || total
-------------------------+-------+-------+-------++-------
Melee: Unarmed           |     2 |       |       ||     2
       Long sword        |    33 |     9 |       ||    42
       Bite              |     3 |     9 |     4 ||    16
       Dagger            |     4 |    27 |       ||    31
       Headbutt          |       |     9 |     3 ||    12
       Mace              |       |    32 |    30 ||    62
       Punch             |       |     1 |       ||     1
 Cast: Pain              |    23 |    30 |       ||    53
       Regeneration      |     2 |     6 |       ||     8
       Vampiric Draining |     1 |     2 |       ||     3
       Animate Skeleton  |       |     1 |       ||     1
  Use: Potion            |     1 |     4 |       ||     5
       Scroll            |     1 |     2 |       ||     3
 Stab: Sleeping          |     2 |     3 |     2 ||     7
       Invisible         |       |     1 |       ||     1
  Eat: Chunk             |       |     2 |       ||     2
       Ration            |       |       |     1 ||     1
Armor: Robe              |     6 |    25 |     3 ||    34
Dodge: Dodged            |    39 |   106 |    17 ||   162
Block: Other             |       |    16 |     5 ||    21
       Reflection        |       |       |     1 ||     1
       Rpst.: Long sword |     6 |     4 |       ||    10

Table legend:
 A = Spawn XP
 B = Non-spawn XP
 C = Spawn XP percentage of total XP
 D = Spawn monster count
 E = Non-spawn monster count
 F = Spawn count percentage of total count
 G = Total turns spent on level
                    A         B        C        D         E        F      G
               +---------+---------+-------+---------+---------+-------+---------
         Total |       0 |    1212 |   0.0 |       0 |      67 |   0.0 |  1445
               +---------+---------+-------+---------+---------+-------+---------
           D:1 |       0 |      12 |   0.0 |       0 |       7 |   0.0 |   134
           D:2 |       0 |      56 |   0.0 |       0 |      23 |   0.0 |   311
           D:3 |       0 |     212 |   0.0 |       0 |      12 |   0.0 |   236
           D:4 |       0 |     106 |   0.0 |       0 |       8 |   0.0 |   368
           D:5 |       0 |     669 |   0.0 |       0 |      10 |   0.0 |   297
           D:6 |       0 |     157 |   0.0 |       0 |       7 |   0.0 |    86
               +---------+---------+-------+---------+---------+-------+---------

Table legend:
 A = Turns spent in this place as a percentage of turns spent in the entire game.
 B = Non-inter-level travel turns spent in this place as a percentage of non-inter-level travel turns spent in the entire game.
 C = Inter-level travel turns spent in this place as a percentage of turns spent in this place.
 D = Turns resting spent in this place as a percentage of non-inter-level travel turns spent in this place.
 E = Turns spent auto-exploring this place as a percentage of non-inter-level travel turns spent in this place.
 F = Non-inter-level travel turns spent in this place divided by the number of levels of this place that you've seen.
                   A       B       C       D       E      F
               +-------+-------+-------+-------+-------+----------------------
         Total | 100.0 | 100.0 |   2.6 |   0.0 |   0.0 | 201.0
       Dungeon | 100.0 | 100.0 |   2.6 |   0.0 |   0.0 | 201.0
               +-------+-------+-------+-------+-------+----------------------

Table legend:
 A = Kills in this place as a percentage of kills in entire the game.
 B = Kills by you in this place as a percentage of kills by you in the entire game.
 C = Kills by friends in this place as a percentage of kills by friends in the entire game.
 D = Other kills in this place as a percentage of other kills in the entire game.
 E = Experience gained in this place as a percentage of experience gained in the entire game.
 F = Experience gained in this place divided by the number of levels of this place that you have seen.
                   A       B       C       D       E      F
               +-------+-------+-------+-------+-------+----------------------
         Total | 100.0 | 100.0 |   N/A |   N/A | 100.0 | 173.1
       Dungeon | 100.0 | 100.0 |   N/A |   N/A | 100.0 | 173.1
               +-------+-------+-------+-------+-------+----------------------

Vault maps used:
D:1:      wheals_arrival_linesprint, lexackson_kobold_supper
D:2:      nicolae_overflow_crystal_walls, uniq_robin
D:4:      uniq_pikel, uniq_crazy_yiuf_cottage
D:5:      grunt_gozag_breadcrumbs, first_ration, serial_shops, shop,
          shop_fountains, uniq_grinder
D:7:      makhleb_grotto_becter, minmay_temple_entry_statues,
          nicolae_ossuary_entry_monument
